 Dungeon Crawl Stone Soup version 0.19-a0-1738-gbb2db12 (webtiles) character file.

1389 Psiweapon the Ruffian (level 8, -14/68 HPs)
             Began as a Troll Transmuter on Oct 1, 2016.
             Demolished by an ogre
             ... wielding a +0 giant club
              (25 damage)
             ... on level 5 of the Dungeon.
             The game lasted 00:11:59 (4068 turns).

Psiweapon the Ruffian (Troll Transmuter)            Turns: 4068, Time: 00:12:00

Health: -14/68     AC:  5    Str: 20    XL:     8   Next: 40%
Magic:  17/17      EV: 11    Int: 12    God:
Gold:   358        SH:  0    Dex: 10    Spells: 1 memorised, 8 levels left

rFire  . . .     SeeInvis .       - Unarmed
rCold  . . .     Gourm    +     b - +0 robe
rNeg   . . .     Faith    .     (no shield)
rPois  .         Spirit   .     (helmet restricted)
rElec  .         Dismiss  .     (no cloak)
rCorr  .         Reflect  .     (gloves unavailable)
MR     .....     Harm     .     (boots unavailable)
Stlth  +.........               (no amulet)
                                l - +2 ring of intelligence
                                j - ring of magical power

@: no status effects
A: unfitting armour, claws 3, fast metabolism 3, gourmand, regeneration 1,
shaggy fur 1, tough skin 2
a: no special abilities


You were on level 5 of the Dungeon.
You were very full.

You visited 1 branch of the dungeon, and saw 7 of its levels.

You collected 358 gold pieces.

Inventory:

Hand Weapons
 w - a cursed -1 hunting sling
 z - a +0 broad axe
 H - a +6 whip of electrocution
 L - a +3 dire flail of protection
Missiles
 a - 12 arrows
 e - 195 stones
 i - a large rock (quivered)
 s - 51 bolts
 B - 8 tomahawks
 K - 7 poisoned needles
Armour
 b - a +0 robe (worn)
 E - a +0 shield
Jewellery
 j - a ring of magical power (left claw)
 l - a +2 ring of intelligence (right claw)
 x - a cursed -2 ring of strength {unknown}
 y - a +3 ring of strength {unknown}
 C - an uncursed ring of magical power
Scrolls
 g - 6 scrolls of remove curse {unknown}
 k - a scroll of magic mapping {unknown}
 p - a scroll of blinking {unknown}
 t - 2 scrolls of amnesia {unknown}
 u - 2 scrolls of fog {unknown}
 D - 2 scrolls of teleportation {unknown}
 J - a scroll of identify
 N - 2 scrolls of recharging {unknown}
Potions
 f - 2 potions of agility {unknown}
 h - 4 potions of lignification
 n - a potion of mutation {unknown}
 o - 2 potions of curing {unknown}
 q - 2 potions of heal wounds {unknown}
 v - 2 potions of might {unknown}
 A - 2 potions of haste {unknown}
 G - a potion of invisibility {unknown}
 I - 3 potions of ambrosia {unknown}
Books
 c - a book of Changes

   Spells                             Type                      Level
   a - Beastly Appendage              Transmutation                1
   b - Sticks to Snakes               Transmutation                2
   c - Spider Form                    Transmutation/Poison         3
   d - Ice Form                       Ice/Transmutation            4
   e - Blade Hands                    Transmutation                5
Comestibles
 d - 4 bread rations
 m - a fruit
 r - 2 meat rations
 F - a slice of pizza


   Skills:
 - Level 0.7 Fighting
 - Level 5.3 Throwing
 + Level 4.2 Dodging
 - Level 7.5 Unarmed Combat
 - Level 1.2 Spellcasting
 - Level 1.3 Transmutations


You had 8 spell levels left.
You knew the following spells:

 Your Spells              Type           Power        Failure   Level  Hunger
a - Beastly Appendage     Tmut           #.....       17%         1    ##.....


Dungeon Overview and Level Annotations

Branches:
Dungeon (7/15)
 Temple: D:4-7

Altars:
Qazlal
Sif Muna

Annotations:
D:4 exclusion: door
D:5 Dowan; Duvessa
D:7 Naow's ghost, novice MiBe


Innate Abilities, Weirdness & Mutations

You are too large for most types of armour.
You have claws for hands.
Your metabolism is lightning-fast.
You like to eat raw meat.
Your natural rate of healing is unusually fast.
You are covered in fur. (AC +1)
You have very tough skin. (AC +2)


Message History

You scratch the ogre.
The ogre is moderately wounded.
The orc wizard mumbles some strange words.
The orc wizard blinks!
The ogre barely misses you.
You scratch the ogre.
The ogre is moderately wounded.
The ogre hits you with a giant club!
The orc wizard shouts!
You claw the ogre!
The ogre is severely wounded.
You closely miss the ogre.
The ogre is severely wounded.
The ogre hits you with a giant club!!
* * * LOW HITPOINT WARNING * * *
The orc wizard mumbles some strange words.
The orc wizard blinks!
You barely miss the ogre.
The ogre is severely wounded.
The ogre hits you with a giant club!!
You die...

..#... . #...?
...#'######'## #....
###+##.............. #....
#....#............o....#....
#....#.................#
#....'.................#####
#...Z#.......o..............
#...>#..((O§....o...........
#....#.....@..o.............
#....#......................
#...##......................
#### ########'###......#'###
#....#......#...'
...#....#......#...#
........#......'...#
................#...#
..###.###.......#...#


You could see an ogre, 3 orc wizards and an orc.

Vanquished Creatures
  The ghost of Naow the Cleaver, a novice MiBe of Trog (D:5)
  Sigmund (D:4)
  Edmund (D:4)
  2 ice beasts (D:4)
  A phantom (D:4)
  A scorpion (D:5)
  A howler monkey (D:6)
  A crimson imp (D:5)
  2 orc priests (D:3)
  An orc wizard (D:4)
  A bullfrog skeleton (D:4)
  2 iguanas
  3 worker ants (D:4)
  A worker ant zombie (D:3)
  Robin (D:4)
  5 adders
  4 oozes
  3 worms (D:2)
  A leopard gecko (D:3)
  13 orcs
  5 giant cockroaches
  14 goblins
  7 hobgoblins
  2 jackals (D:4)
  A quokka (D:2)
  2 ball pythons (D:1)
  4 bats
  6 frilled lizards
  6 kobolds
  A leopard gecko skeleton (D:4)
  A leopard gecko zombie (D:6)
  6 rats
101 creatures vanquished.

Vanquished Creatures (others)
  An orc warrior (D:6)
  A gnoll shaman (D:6)
  2 hounds (D:6)
  An orc wizard (D:6)
5 creatures vanquished.

Grand Total: 106 creatures vanquished

Notes
Turn   | Place    | Note
-------+----------+-------------------------------------------
     0 | D:1      | Psiweapon the Troll Transmuter began the quest for the Orb.
     0 | D:1      | Reached XP level 1. HP: 18/18 MP: 1/1
   122 | D:2      | Found a faded altar of an unknown god.
   233 | D:2      | Reached XP level 2. HP: 25/26 MP: 2/2
   341 | D:2      | You fall through a shaft!
   367 | D:2      | Reached skill level 4 in Unarmed Combat
   458 | D:2      | Reached XP level 3. HP: 26/32 MP: 3/3
   657 | D:3      | Reached skill level 5 in Unarmed Combat
   657 | D:3      | Reached XP level 4. HP: 39/40 MP: 4/4
   995 | D:1      | Reached XP level 5. HP: 43/46 MP: 5/5
  1459 | D:5      | Entered Level 5 of the Dungeon
  1461 | D:5      | Found a stormy altar of Qazlal.
  1861 | D:3      | Reached skill level 6 in Unarmed Combat
  2337 | D:5      | Reached XP level 6. HP: 35/54 MP: 6/6
  2344 | D:5      | Noticed Naow's ghost (novice MiBe)
  2405 | D:4      | Noticed Robin
  2440 | D:4      | Killed Robin
  2547 | D:4      | Reached skill level 7 in Unarmed Combat
  2757 | D:4      | Found a deep blue altar of Sif Muna.
  2847 | D:4      | Reached skill level 1 in Throwing
  2940 | D:5      | Noticed an ice beast
  2940 | D:5      | Noticed an ice beast
  2947 | D:4      | Killed an ice beast
  2947 | D:4      | Reached XP level 7. HP: 51/61 MP: 7/7
  3162 | D:4      | Noticed Sigmund
  3165 | D:4      | Killed Sigmund
  3191 | D:4      | Noticed Edmund
  3203 | D:4      | Killed Edmund
  3203 | D:4      | Reached skill level 5 in Throwing
  3454 | D:5      | Killed Naow's ghost
  3454 | D:5      | Reached XP level 8. HP: 31/68 MP: 8/8
  3657 | D:7      | Noticed Naow's ghost (novice MiBe)
  3824 | D:5      | Noticed Duvessa
  3824 | D:5      | Noticed Dowan
  4068 | D:5      | Demolished by an ogre

Vault maps used:
D:1:      matt_arrival_refuge
D:2:      ecumenical_altar_2
D:3:      first_bread
D:4:      led_sif_book, sigmund_edmund_badplayer, uniq_robin
D:5:      basic_altar, hangedman_decor_opposing, minmay_misc_feat_roman,
          kennysheep_generic_room_6, uniq_sigmund, uniq_duvessa
D:6:      lemuel_ice_spiral_2, kennysheep_mini_moat, xom_confusion_cloud,
          uniq_menkaure
D:7:      fedhas_altar_fruit_tree

Skill      XL: |  1  2  3  4  5  6  7  8 |
---------------+-------------------------+-----
Unarmed Combat | 4 5 6 7 |  7.5
Throwing       | 2 5 |  5.3
Dodging        | 3 4 |  4.2
Fighting       | |  0.7
Spellcasting   | |  1.2
Transmutations | |  1.3

Action                   |  1- 3 |  4- 6 |  7- 9 || total
-------------------------+-------+-------+-------++-------
Melee: Unarmed           |    70 |   195 |    73 ||   338
       Punch             |       |     1 |     4 ||     5
Throw: Large rock        |       |     4 |     8 ||    12
  Use: Scroll            |     2 |       |       ||     2
       Potion            |       |     1 |       ||     1
 Stab: Sleeping          |     1 |       |       ||     1
       Distracted        |       |       |     1 ||     1
  Eat: Chunk             |    11 |    22 |     9 ||    42
Armor: Robe              |    36 |    69 |    12 ||   117
       Skin              |       |     6 |       ||     6
Dodge: Dodged            |    56 |    97 |    25 ||   178
